[Event "EU-ch 12th"]
[Site "Aix les Bains"]
[Date "2011.03.23"]
[Round "2"]
[White "Nepomniachtchi, Ian"]
[Black "Popov, Valerij"]
[Result "1-0"]
[ECO "B81"]
[WhiteElo "2729"]
[BlackElo "2565"]
[Annotator "Marchand,A/Primel,D"]
[PlyCount "63"]
[EventDate "2011.03.22"]
[EventType "swiss"]
[EventRounds "11"]
[EventCountry "FRA"]
[SourceTitle "CBM 142 Extra"]
[Source "ChessBase"]
[SourceDate "2011.06.27"]
[SourceVersion "1"]
[SourceVersionDate "2011.06.27"]
[SourceQuality "1"]
[TimeControl "40/5400+30:1800+30"]

1. e4 c5 2. Nf3 d6 3. d4 cxd4 4. Nxd4 Nf6 5. Nc3 a6 6. h3 $5 {Une ligne
secondaire souvent utilisée par FISCHER dans les années 60 et qui a été
relancée récemment depuis que CARLSEN a commencé а l'utiliser en 2008.} e6 (
6... e5 7. Nde2 b5 8. g4 Bb7 9. Bg2) (6... g6 7. Be3) 7. g4 $1 d5 {Réaction
classique au centre} (7... b5 8. Bg2 Bb7 9. O-O b4 10. Nd5 exd5 11. exd5 Be7
12. Nc6 Qc7 13. Nxe7 Kxe7 14. g5 Nfd7 15. Re1+ Kd8) (7... Be7 8. Bg2 Nfd7 {
Fedorchuk,S (2662)-Swiercz,D (2557) EU-ch 12th Aix-les-Bains 2011 (11) 1-0}) (
7... h6 8. Bg2 Nc6) 8. exd5 Nxd5 9. Nde2 (9. Bd2 Nc6 10. Nxc6 bxc6 11. Bg2 Be7
12. Na4) (9. Bg2 $143 Bb4 (9... Nxc3 $132)) 9... h5 $5 {Reprenant une idée de
Najer mais la ligne principale Bb4 semble plus solide} (9... Bb4 $142 10. Bg2
O-O 11. O-O Nxc3 12. Nxc3 Nc6 (12... Qc7 13. Ne4 (13. Qf3)) 13. Qxd8 Rxd8 14.
Na4 e5 15. c3 Be7 16. Nb6 Rb8 17. Nxc8 Rbxc8 18. Be3 Kf8 19. Rfd1 Rd6 20. Kf1
Na5 21. Rxd6 Bxd6 22. Rd1 Ke7 23. b3 Nc6 24. Be4 {Alekseev,E (2716) -Karjakin,
S (2721)/Nalchik 2009/CBM 130/[CB]/1-0 (47)}) 10. Nxd5 $1 exd5 11. g5 $146 (11.
Nf4 hxg4 12. Qxd5 Bd7 13. Bc4 Qe7+ 14. Be3 Bc6 15. Qf5 Qb4+ 16. c3
Qxc4 17. Qc8+ Ke7 18. O-O-O Nd7 19. Rxd7+ Kf6 20. Bd4+ Kg5 21. Rd5+ {1-0
Sutovsky,E (2675)-Najer,E (2663)/Netanya 2009/CBM 131 Extra}) 11... Be7 (11...
Nc6 ) 12. Nf4 (12. h4 Bg4) 12... Bxg5 13. Qxd5 Nc6 (13... Qxd5 $6 14. Nxd5 Bd8 15. Be3 $32) 14. c3 (14. Be3 ) (14. Qxd8+ Bxd8 15. Be3 Bg5 16. O-O-O) 14... Qe7+ 15. Be2 Bxf4
16. Bxf4 Be6 17. Qd3 g5 (17... Rd8 $132 18. Qg3 f6 $13 ) 18. Bd6 Qf6 19. O-O-O (19. Bc7 $5 {Eviter le ooo des Noirs méritait
également l'attention}) 19... O-O-O $132 20. Qe3 Rd7 $6 (20... Bxa2 ) 21. Bh2 $1 Rhd8 22. Rxd7 Rxd7 23.
Rg1 g4 24. hxg4 Bxa2 25. Bd1 Re7 26. Qf4 Qxf4+ 27.
Bxf4 hxg4 $6 $138 (27... Re4 28. Be3 hxg4 29. b3 Na5 30. Kb2
Bxb3 31. Bxb3 Nxb3 32. Kxb3 Kd7) 28. b3 Na5 (28... Ne5 29. Bxe5 Rxe5 30. Bxg4+
f5) 29. Bxg4+ Kd8 30. b4 Nc6 31. Bg5 Ne5 32. Bf5 1-0

[Event "FRA-ch 58 Championnat"]
[Site "Belfort"]
[Date "1983.08.17"]
[Round "6"]
[White "Seret, Jean Luc"]
[Black "Giffard, Nicolas"]
[Result "1-0"]
[ECO "B81"]
[WhiteElo "2375"]
[BlackElo "2345"]
[Annotator "Primel,D"]
[PlyCount "107"]
[EventDate "1983.08.12"]
[EventType "tourn"]
[EventRounds "15"]
[EventCountry "FRA"]
[EventCategory "2"]
[SourceTitle "EXT 2016"]
[Source "ChessBase"]
[SourceDate "2015.10.08"]
[SourceVersion "1"]
[SourceVersionDate "2015.10.08"]
[SourceQuality "1"]
[TimeControl "40/9000:16/5400:0"]

1. e4 c5 2. Nf3 e6 3. d4 cxd4 4. Nxd4 Nf6 5. Nc3 d6 6. g4 $1 {La redoutable
attaque KERES trés а la mode au début des années 80 et ensuite les GMI ont
choisi de différer la poussée d6.} a6 (6... h6 7. h4 Nc6 8. Rg1 h5 9. gxh5 (9.
g5 Ng4 10. Nb3 Qb6 11. Rg2 Bd7 {Matulovic,M (2530)-Sax,G (2510) Rovinj/Zagreb
1975 (5) 1/2} (11... g6 $5 12. Bf4 Nge5 13. Qe2 a6 14. O-O-O Qc7 15. Kb1 b5
$132 {D'Costa: The sicilian Sheveningen})) 9... Nxh5 10. Bg5 Nf6 11. Qd2 Qb6 12. Nb3 a6 (12... Bd7 $5 13. O-O-O a6) 13. O-O-O Bd7 14. Rh1 $1
Qc7 15. Bg2 Be7 16. f4 O-O-O {Une des rares lignes ou les noirs peuvent jouer
un ooo sans trop de risque} 17. Bf3 Kb8 18. h5 Bc8 19. Kb1 Ng8 $1
$13 ) (6... Nc6 7. g5 Nd7 8. Be3 (8. h4) (8. Ndb5)) 7. g5 Nfd7 8.
Bg2 (8. Be3 b5 9. a3 Bb7 10. h4 Be7 11. Qd2 Nc6 12. Nxc6 Bxc6 13. h5 $36) 8...
Nc6 9. Nde2 $6 {[%cal Ge2g3] Les Blancs veulent recycler le N à l'aile-roi
mais ce plan est trop lent et le Nd4 est une pièce importante dans une
sicilienne ouverte.} (9. O-O Be7 10. Kh1 O-O 11. f4 Nxd4 12. Qxd4 e5 13. Qf2 b5
14. Qg3 exf4 15. Bxf4 Bb7 16. Rad1 Rc8 17. Bxd6 Bxd6 18. Qxd6 Nb6 19. Qf4 Qc7
20. Qh4 Qe7 21. Rf6 b4 22. Rd3 Rfd8 23. Rxb6 bxc3 {Beliavsky,A (2620)-Fedder,S
(2400)/ Luzern 1982/EXT 97-B/1/2-1/2 (44)}) 9... Be7 $146 (9... b5 10. Ng3 {
Il est interessant de noter que NIKITINE avait choisi cette suite pour les
blancs car c'était l'auteur d'une monographie au début des années 80 sur la
Scheveningen} Bb7 11. f4 b4 12. Na4 Be7 13. Be3 O-O 14. O-O g6 15. Qg4 Qc7 16.
Rf2 Nd8 17. Rd1 Bc6 18. b3 f5 19. exf5 exf5 20. Qe2 Bxg2 21. Rxg2 Rf7 22. Qd3
Qc6 23. c3 bxc3 24. Nxc3 {Nikitin,A-Simagin,V/Moscow 1964/EXT 2003/1-0 (46)})
10. h4 O-O 11. Ng3 Qb6 12. O-O Re8 13. Rb1 (13. a3 $5 {[%cal
Gc1e3] Un coup plus économique que Rb1 qui place la R sur une case peu active}
Bf8 14. Be3 Qxb2 15. Qd2 (15. Na4)) 13... Bf8 14. Kh1 Qc7 15. h5
(15. f4 d5) 15... g6 (15... b5 16. g6 $1 b4 17. Nce2) 16. hxg6 fxg6 (16... hxg6
{[%cal Gf8g7] Plus naturel et il n'est pas facile pour les Blancs de profiter
de l'ouverture de la colonne "h"}) 17. b3 (17. f4) 17... Bg7 18. Bb2 Nb6 $6 {
[%csl Rb6,Rc8] Les Noirs veulent surcontrôler la case "d5" avant de pousser
e5 mais ce plan est trés lent et la poussée b5 semblait davantage dans
l'esprit d'une scilienne ouverte} (18... b5 19. Qd2 Bb7 $132) 19. Qd2 e5 $6 (19... Nd4 20. Rbd1) 20. Rbd1 Nd4 $6 (20... Be6) (20... Bg4) 21.
Nce2 $1 Nxe2 (21... Ne6 22. Qxd6 Qxd6 23. Rxd6 Nd7) 22. Nxe2 Bg4 (22... d5 $5 {
Le pion semble perdu, autant le donner et éviter les échanges de pièces qui
favorisent les blancs.} 23. exd5 Bg4 24. c4 Rad8 (24...
Nc8 $2 25. d6 $1) (24... Bxe2 25. d6 $1 (25. Qxe2 Nc8 (25... Qd6
) 26. f4 $1 )) 25. f3 Bf5 26. Ng3) (22... Rd8 23. c4 ) 23. f3 Be6 24. Qxd6 Qxc2 25. Rd2 Qc6 26. Rc1 (26. Bxe5) 26... Qxd6 27.
Rxd6 $1 Nc8 28. Rd2 Ne7 {[%cal Ge7c6] Les pièces noires ont des difficultés
pour se coordonner} 29. Rc7 $1 $36 Rab8 30. f4 Nc6 31. fxe5 (31. f5 $1 gxf5 32.
exf5 Bxf5 33. Ng3 $44 ) 31... Bxe5 32. Rxc6 $1 Bxb2
33. Rxe6 Rxe6 34. Rxb2 $13 {Les Blancs ont des bonnes chances dans cette
finale mais la poisition ouverte doit donner du contre-jeu aux R Noires} Rd8
35. Nc3 Rd4 36. Nd5 Re5 37. Rc2 Rxg5 38. Rc7 Rh5+ 39. Kg1 Rd1+ 40. Kf2 Rd2+ 41.
Kf3 {Ajournement} Rh2 42. Ne3 $1 b5 {Il est trés rare de voir une poussée
aussi tardive dans une scilienne ouverte mais ce coup arrive au mauvais moment.
} (42... g5 43. Rxb7 Rd3 ) 43. Kg3 Rh5 44. Bf3 Re5 45. Nd5
Re6 46. e5 {[%cal Gd5f6] Avec des menaces de réseau de mat} (46. Bg4 Rxe4 (
46... Re5 47. Kf4) 47. Nf6+) 46... h5 47. Ra7 Rd4 (47... Rxe5 $2 48. Nf6+ Kf8
49. Nd7+ ) 48. Nf6+ Kf8 49. Bd5 Rd3+ 50. Kh4 Rxf6 51. Ra8+
$1 Kg7 52. exf6+ Kxf6 53. Rxa6+ Kg7 54. Rxg6+ $1 1-0

[Event "Rohde op 12th"]
[Site "Sautron"]
[Date "2012.11.03"]
[Round "9"]
[White "Pancevski, Filip"]
[Black "Oleksienko, Mikhailo"]
[Result "1/2-1/2"]
[ECO "B81"]
[WhiteElo "2482"]
[BlackElo "2539"]
[Annotator "Primel,D"]
[PlyCount "82"]
[EventDate "2012.10.27"]
[EventType "swiss"]
[EventRounds "9"]
[EventCountry "FRA"]
[SourceTitle "EXT 2014"]
[Source "ChessBase"]
[SourceDate "2013.11.20"]
[SourceVersion "1"]
[SourceVersionDate "2013.11.20"]
[SourceQuality "1"]
[TimeControl "40/5400+30:1800+30"]
[WhiteClock "1:30:00"]
[BlackClock "1:30:00"]

1. e4 c5 2. Nf3 d6 3. d4 cxd4 4. Nxd4 Nf6 5. Nc3 a6 6. h3 {
[%emt 0:00:14] Avec un point de retard sur son adversaire qui menait le
tournoi, les Blancs optent pour une variante aigüe pour jouer pour le gain.} e6 (6... e5) (6... g6) (6... b5) 7. g4 {[%emt 0:00:10] L'idée de
la variante h3} h6 (7... d5 8. exd5 Nxd5) (7... b5 8. Bg2 Bb7
9. O-O $32 b4 $6 10. Nd5 {[%csl Re8];Karjakin,S (2732)-Van Wely,L (2681)
Amber-rapid 17th 2008 (5) 1-0}) 8. Bg2 Qc7 9.
Be3 (9. O-O Nc6 10. Be3 (10. Nde2) 10... Be7 11. f4 Bd7 12. Nb3 b5 13. a3 {Nguyen Anh Dung (2487)
-Arlandi,E (2437) Budapest WFG GM 2000 (3) 1/2} (13. e5 $5 dxe5 14. fxe5 Nh7
15. Nc5 $36)) (9. f4 b5 10. O-O Bb7 11. g5 (11. Qe2 b4 12. Nd5 exd5 13. exd5+
Be7 14. Re1 $44) (11. Re1 Be7 {Nakamura,H (2729)-Movsesian,S (2723) Banska
Stiavnica m blitz 2010 (1) 1-0})) 9... b5 (9... Nc6 {Un ordre
de coups plus courant et moins risqué} 10. f4 (10. Qe2) 10... Bd7 11. Qe2 Be7
12. O-O-O Rc8 13. Rhe1 b5 $132 {Tolnai,T (2490)-Poluljahov,A (2425) Budapest
Spring op 08th 1992 1/2}) 10. a3 {[%emt 0:15:31] La ligne principale mais
c'est lent et il y a un petit affaiblissement de l'aile-dame} (10. f4 b4) (10.
e5 Bb7 11. Bxb7 Qxb7 12. Qf3 Qxf3 13. Nxf3 dxe5 14. Nxe5 Nbd7 $11 {Timoshenko,
G (2572)-Nisipeanu,L (2638) ROM-chT Brasov 2011 (5.2) 0-1}) 10... Bb7 11. f4 (11. Qe2 Nbd7 12. f4 Nc5 (12... Nb6) 13. Bf2
Be7 14. Bg3 Nfd7 15. h4 g6 16. O-O-O O-O-O 17. Kb1 Kb8 18. Rhf1 Rc8 19. Nb3
Rhg8 20. Nxc5 Nxc5 21. g5 hxg5 22. fxg5 Rg7 23. e5 d5 24. Rd4 Ka8 25. a4 b4 {
Ravot,S (2278)-Ardelean,G (2510)/Condom 2012/CBM 149 Extra/0-1 (45)}) 11... Nc6 12. O-O Nxd4 $146 (12... Be7
13. g5 hxg5 14. fxg5 Nd7 15. g6 Nxd4 16. gxf7+ Kf8 17. Bxd4 Bf6 {1/2-1/2
Naiditsch,A (2612)-Movsesian,S (2645)/Merida 2005/EXT 2006}) (12... Na5 $1 {
[%csl Rb2,Rc4] Profitant de l'affaiblissement provoqué par la poussée "a3"} 13.
Qe2 Nc4 14. Bc1 Be7) 13. Qxd4 (13. Bxd4 $1 {
Plus souple} Be7 14. Qf3 O-O (14... Rc8 15. g5 Ng8 (15... Nh7) (15... Nd7 16. Bxg7) 16. Bxg7 Rh7 17. Bd4 hxg5
18. Qg3 $36 ) (14... Nd7 $5 15. Bxg7 Rg8 16. Bxh6 Rg6 17. g5
O-O-O $13 ) 15. g5 hxg5 16. fxg5 Nd7 17. Qh5 Ne5
18. Rf4 Ng6 19. Rxf7 $1 Kxf7 20. Rf1+ Kg8 21. Qxg6 e5 22. Be3
Rxf1+ 23. Bxf1 Rf8 24. Bd3 $1 Bd8 (24... Rf3 25. Nd5 Qd7 (25... Bxd5 26. exd5) 26. Qh5 Rxh3 27. Nxe7+ Kf8 28. Ng6+) 25. Qh5 (
25. Nd5 Qf7) 25... g6 (25... Qf7 $4 26. g6) 26. Qxg6+ Qg7 27. Qe6+ Kh8 28. h4 Bc7 (28... Be7 29. Nd5 $40) 29. Nd5 )
13... Qc4 $1 (13... Rc8 {[%cal Gc7c4] Plus solide} 14. Rad1
Be7) (13... Be7 14. Rad1 Rc8 (14... O-O 15. g5 hxg5 16. fxg5 Nh7 (16... Nd7)
17. g6)) 14. Qxc4 (14. e5 $5 Qxd4 15. Bxd4 Bxg2 16. Kxg2 dxe5
17. fxe5 Rd8 18. Rad1 $32 ) 14... bxc4 15. Rfd1 e5 (15... Rb8 $5 ) 16. b4 $1 cxb3 17. cxb3 Be7 18. Rac1 O-O 19. b4 (19. Nd5 $5 Nxd5 20. exd5 exf4 (20... Rac8 21.
fxe5) 21. Bxf4 Rac8 22. Kf2 f5 ) 19... exf4 20.
Bxf4 Rfc8 (20... Rac8 {[%cal Gf8d8] Plus
naturel} 21. Kf2 (21. Bxd6 Bxd6 22. Rxd6 Nxe4 $1 ) 21... Rc4 $132 ) 21. e5 (21. Nd5 Nxd5 22. exd5 Kf8 23. Rc6 $5 {[%cal Gc6d6] Il est risqué d'acepter la qualité
car la majorité soutenue par la paire de B va trés vite.} (23. Kf2) 23... g5 (
23... Bxc6 24. dxc6 Ra7 25. a4 Bg5 26. Bg3
(26. Bxd6+ Be7 27. Bxe7+ Kxe7 28. b5 $40 )) 24. Bg3 (24. Bxd6 Bxc6
25. dxc6 Bxd6 26. Rxd6 Rd8 27. Rxh6 $13) 24... Bxc6 (24... Ra7 ) (
24... Ke8 25. Rb6 $40 {[%csl Gb6,Rb7] L'idée sous-jacente au sacrifice Rc6})
25. dxc6 Rab8 $1 (25... Ra7 26. a4 ) 26.
Bxd6 Bxd6 27. Rxd6 Kg7 (27... Ke7) 28. Be4 $36 ) 21... Bxg2 22.
exf6 Bxf6 23. Kxg2 Rxc3 24. Rxc3 Bxc3 25. Rxd6 Bb2 26. Rd3 f5 $1 27. Rb3 (27. gxf5 Rf8 ) 27... Ba1 28. Rb1 Bc3 29. Rb3 Ba1 30. gxf5 Rf8 31.
Kf3 Rxf5 32. Ke4 Rh5 33. Bg3 (33. a4 Rh4 34. b5 (34. Kf5) 34... g5 35. Rf3 gxf4 36. b6 Rh5 37. b7 Re5+ 38. Kxf4
Re8 39. Rb3 Be5+ 40. Kf5 Kf7 41. Rb6 $44 )
33... Rxh3 34. a4 Bf6 35. b5 axb5 36. axb5 Bh4 37. Kf4 {[%emt 0:00:33] La suite tactique qui va suivre est digne
d'une étude et elle a été jouée en zeitnot.} Bxg3+ 38. Kg4 $1 Rh4+ $1 39. Kxg3 Rd4 40. b6 Rd8 41. Kf4 Kf7 {[%emt 0:00:56] Cette nulle permet а l'ukrainien de remporter le
tournoi} 1/2-1/2

[Event "Val Thorens op 09th"]
[Site "Val Thorens"]
[Date "1984.07.??"]
[Round "7"]
[White "Seret, Jean Luc"]
[Black "Suba, Mihai"]
[Result "0-1"]
[ECO "B81"]
[WhiteElo "2390"]
[BlackElo "2550"]
[Annotator "Primel,D"]
[PlyCount "74"]
[EventDate "1984.07.??"]
[EventType "swiss"]
[EventRounds "9"]
[EventCountry "FRA"]
[SourceTitle "EXT 2021"]
[Source "ChessBase"]
[SourceDate "2020.10.23"]
[SourceVersion "1"]
[SourceVersionDate "2020.10.23"]
[SourceQuality "1"]
[TimeControl "40/7200:20/3600:0"]

1. e4 c5 2. Nf3 d6 3. d4 Nf6 4. Nc3 cxd4 5. Nxd4 e6 6. g4 h6 7. g5 (7. h4 {
La grande ligne de l'attaque Keres} Nc6 8. Rg1) 7... hxg5 8. Bxg5 Nc6 9. Qd2 (
9. h4) 9... Qb6 $1 {Cette idée donne des bons résultats pour les Noirs} 10.
Nb3 a6 (10... Ne5 11. Qe2 Bd7 12. O-O-O (12. f4 Ng6 13. f5 Ne5
14. O-O-O a6 15. h4 O-O-O $13 {Steflitsch,E (2388)-Atlas,V (2471) AUT-chT 0304
2003 (7) 0-1})) 11. O-O-O Qc7 (11... Bd7) 12. f4 b5 (12... Bd7 13. Be2 O-O-O
14. h4 Be7 15. h5 Kb8 16. Kb1 Bc8 17. Bf3 Ng8 18. Rdg1 Rh7 19. Qf2 Bxg5 20.
Rxg5 Nge7 21. Rd1 g6 22. hxg6 Nxg6 23. Rh5 Rg7 24. Rg1 Rgg8 25. Rhg5 Nge7 26.
Bh5 Rxg5 27. Rxg5 f5 28. exf5 Nxf5 29. Bg4 Nce7 30. a3 Rf8 31. Be2 Nc6 32. Bd3
Nfe7 33. Qe3 Qd8 34. Nd2 Qc7 35. Rh5 Qd8 36. Ne2 Nd5 37. Qg3 Qa5 38. f5 e5 39.
Nc4 Qc7 40. Rh6 Nf6 41. Nc3 Qe7 42. Ne3 {Karpov,A (2725)-Andersson,U (2590)
Skara 1980 1/2-1/2}) 13. Bg2 Bb7 14. Qe2 $6 $146 {Dans une sicilienne ouverte,
le moindre tempo a beaucoup d'importance et les Blancs vont laissé le GMI
combler son retard de développement.} (14. Kb1 Be7 {1/2-1/2 (14) Gipslis,A 
(2535)-Sax,G (2565) Budapest 1977}) 14... b4 $1 $132 15. Na4 {Non seulement le
coup Qe2 a perdu un tempo, mais elle occupe la case de repli pour le N et le
Na4 va occuper une position instable} Nd7 16. f5 Nde5 (16... Nce5 17. fxe6 fxe6
18. h4 Rb8 19. Bh3 $1 {Et les Noirs n'ont pas la défense Bc8 comme dans la
partie}) 17. fxe6 fxe6 18. h4 Rb8 $1 (18... Rc8 $6 19. Bh3 $1 ) 19.
Bh3 $1 Bc8 20. Kb1 Bd7 $1 21. Rhf1 $13 {La position est trés
compliquée avec des chances réciproques même si les Blancs ont toujours le
problème du Na4} Nf7 22. Rxf7 $5 {Un sacrifice de qualité positionnel et
probablement la meilleure chance pratique pour les Blancs} (22. Be3 Rxh4) 22...
Kxf7 23. Rf1+ Kg8 {Le Kg8 est en relative sécurité mais la Rh8 a des
problèmes de développement. Les Blancs ont des compensations raisonnables.}
24. Qxa6 (24. Qf3 $6 Ne5 $1 $17) 24... Rh7 25. e5 $1 Nxe5 $1 (
25... dxe5 $6 26. Nac5 $44 {[%cal Gc5e6] Et les Blancs ont résolu le
problème du Na4}) 26. Nd4 $1 Re8 $1 $17 {[%csl Re6] Un bon regroupement en
défense pour à la fois surprotéger le P"e6" mais aussi ramener une pièce
en défense} 27. Nb6 Nf7 $1 28. Rxf7 $2 (28. Nb5 $1 {Force l'échange du
défenseur du P"e6"} Bxb5 29. Qxb5 $40 {[%csl Re6,Re8][%cal Gb5e8] Avec des
pièces Blanches trés actives alors que les pièces du GMI sont
désorganisées} Nxg5 30. Qxe8) 28... Kxf7 29. Nxd7 Qxd7 30. Qd3 g6 31. Qf3+
Kg8 $19 {Et l'attaque Blanche a fait long-feu} 32. Qe2 Qa7 33. Bxe6+ Kh8 34.
Bf6+ Bg7 35. Bxg7+ Qxg7 36. Qg4 Rf8 37. Bc4 Qf6 0-1

[Event "FRA-chT Top 12"]
[Site "Drancy"]
[Date "2016.06.02"]
[Round "6.7"]
[White "Vuilleumier, Alexandre"]
[Black "Brunner, Nicolas"]
[Result "0-1"]
[ECO "B81"]
[WhiteElo "2384"]
[BlackElo "2442"]
[Annotator "RR"]
[PlyCount "92"]
[EventDate "2016.05.28"]
[EventType "team-tourn"]
[EventRounds "11"]
[EventCountry "FRA"]
[SourceTitle "CBM 172 Extra"]
[Source "ChessBase"]
[SourceDate "2016.06.21"]
[SourceVersion "1"]
[SourceVersionDate "2016.06.21"]
[SourceQuality "1"]
[WhiteTeam "Bois Colombes"]
[BlackTeam "Vandoeuvre"]
[WhiteTeamCountry "FRA"]
[BlackTeamCountry "FRA"]
[TimeControl "40/5400+30:1800+30"]

1. e4 c5 {[%emt 0:00:30] Prix de beauté de la
ronde 6} 2. Nf3 d6 3. d4 cxd4 4. Nxd4 Nf6 5. Nc3 a6 6. h3 {[%emt 0:00:30] La variante Fischer
est revenu à la mode depuis quelques années} e6 7. g4 Be7 (7... d5 {La grande ligne}) 8. Be3 (8. Bg2 Nfd7 9. Be3 Nc6 10. Qe2 O-O 11. O-O-O Nxd4 12. Bxd4 Qc7
13. f4 b5 14. g5 b4 15. Na4 e5 16. Be3 exf4 17. Bxf4 Ne5 18. Qf2 Rb8 19. h4 Bg4
20. Rd2 Rfc8 21. b3 Qa5 22. Bh3 Be6 23. h5 Nc4 24. Re2 Bxg5 25. bxc4 Bxc4 26.
Bxg5 Qxg5+ 27. Re3 Bd3 28. Qg3 Rxc2+ 29. Kd1 Qxh5+ 30. Qg4 Qe5 31. Rxd3 Rxa2
32. Rd2 Qa1+ 33. Ke2 Rxd2+ 34. Kxd2 Qxh1 35. Nb2 Qh2+ 36. Bg2 h5 37. Qg5 Qe5 {
Caruana,F (2795)-Kasparov,G (2812) Saint Louis 2016 0-1}) 8... b5 (8... Nfd7) 9. g5 Nfd7 10. Qd2 Bb7 11. a3 {[%emt 0:04:30] Les Blancs peuvent
difficilement se passer de coup de protection mais c'est un sérieux
affaiblissement de l'aile-dame} Nc6 (11... Nb6 12. O-O-O N8d7 13. h4 Rc8 $132 {Hracek,Z (2631)-Zhigalko,A (2572) EU-ch 16th
Jerusalem 2015 (6) 0-1}) 12. O-O-O Rc8 $146 {[%emt 0:02:30]
Le K Noir est moins exposé au centre qu'à l'ail-roi} (12... Nxd4 13. Qxd4 O-O
14. h4 Rc8 15. Kb1 Ne5 16. f4 Nc4 17. Rh3 Qc7 18. Bc1 Rfd8 19. h5 d5 20. h6 e5
21. Qf2 d4 22. Bxc4 Qxc4 23. b3 Qc5 24. Rhd3 exf4 25. Bxf4 g6 26. Nd5 Bxd5 27.
Rxd4 Rd7 28. exd5 Rxd5 29. Be3 Rxd4 30. Rxd4 Qc6 31. Qd2 a5 32. Rd5 Bxa3 33.
Rd8+ Rxd8 34. Qxd8+ Bf8 35. Qxa5 {1/2-1/2 (35) Cuccumini,V (2157)-Petrigin,M 
(2109) ICCF email 2013}) 13. Nxc6 $6 (13. h4 O-O 14. h5 (14.
f4 Qc7 15. h5 Nb6 16. g6 $36) 14... Nxd4 15. Bxd4 Bxg5 16. f4 Bh6 17. Rg1 $44)
13... Rxc6 14. f4 O-O 15.
Rg1 $6 {[%emt 0:03:30] Semble trop lent} (15. h4 Nb6 16. h5 Nc4 17. Bxc4 Rxc4
18. g6 $13) 15... Qa5 16. Kb1 (16. Bd4) 16...
Rxc3 $1 {[%emt 0:05:30] Classique mais très efficace} 17. Qxc3 Qxc3 18. bxc3 Bxe4 $44 19. Bd3 Bd5 20. f5 Rc8 21. fxe6 fxe6 22. g6 h6 23. Bf5 Bc4 $17 24. Bg4 Ne5 {[%emt 0:03:30][%csl Ge5] Les
pièces Noires sont placées sur des cases optimales} 25. Bf4 Nxg4 26. hxg4 e5 $36 27. Bc1 d5 28. g5 hxg5 29. Bxg5 Bxa3 30. Rde1 Bd6 (30... e4) 31.
Bh4 a5 32. Rg5 e4 33. Bg3 Bxg3 34. Rxg3 Rc6 35. Kb2 Re6 36. Ra1 a4 37. Re1 $2 $138 (37. Rh1
$1 {Empêche indirectement Kf8} Kf8 38. Rh8+ Ke7 39. Rg8 Kf6 40. Rf8+) 37...
Kf8 $19 {[%emt 0:01:06] Après la centralisation du K Noir, le gain technique
n'est pas trop difficile.} 38. Ree3 Ke7 39.
Rg2 Kf6 40. Ka3 Kf5 41. Reg3 e3 42. Rf3+ Ke4 43. Rgg3 d4 44. cxd4 Kxd4 45. Kb4 e2 46. c3+ Ke5 0-1